 Dungeon Crawl Stone Soup version 0.28-a0-8-g6e044cfa68 (webtiles) character file.

Game seed: 5360621584865290620

63 barkas the Caller (level 3, -6/19 HPs)
             Began as a Deep Elf Summoner on July 24, 2021.
             Mangled by an iguana (13 damage)
             ... on level 2 of the Dungeon.
             The game lasted 00:03:06 (1929 turns).

barkas the Caller (Deep Elf Summoner)               Turns: 1929, Time: 00:03:07

Health: -6/19      AC:  2    Str:  5    XL:     3   Next: 89%
Magic:  8/10       EV: 13    Int: 20    God:
Gold:   92         SH:  0    Dex: 15    Spells: 6/9 levels left

rFire   . . .      SeeInvis .   i - +0 dagger (venom)
rCold   . . .      Faith    .   (no shield)
rNeg    . . .      Spirit   .   a - +0 robe
rPois   .          Reflect  .   (no helmet)
rElec   .          Harm     .   (no cloak)
rCorr   .          Rampage  .   (no gloves)
Will    .....                   (no boots)
Stlth   ++........              (no amulet)
HPRegen 0.06/turn               (no ring)
MPRegen 0.12/turn               (no ring)

@: no status effects
A: no striking features
a: no special abilities


You were on level 2 of the Dungeon.
You visited 1 branch of the dungeon, and saw 2 of its levels.

You collected 92 gold pieces.

Inventory:

Hand Weapons
 i - a +0 dagger of venom (weapon)
Armour
 a - a +0 robe (worn)
 d - a +0 leather armour
Potions
 c - a potion of brilliance {unknown}
 e - a potion of resistance {unknown}
 f - a potion of lignification {unknown}
 g - a potion of curing {unknown}
 h - a potion of attraction {unknown}


   Skills:
 + Level 3.1 Dodging
 + Level 3.4 Stealth
 + Level 3.7 Spellcasting
 * Level 5.0 Summonings


You had 6 spell levels left.
You knew the following spells:

 Your Spells              Type           Power      Damage    Failure   Level
a - Summon Small Mammal   Summ           96%        N/A       1%          1
b - Call Imp              Summ           24%        N/A       2%          2

Your spell library contained the following spells:

 Spells                   Type           Power      Damage    Failure   Level
 Call Canine Familiar     Summ           24%        N/A       4%          3
 Summon Guardian Golem    Hex/Summ       13%        N/A       14%         3
 Passwall                 Tmut/Erth      2%         N/A       21%         2
 Swiftness                Air            3%         N/A       36%         3
 Summon Lightning Spire   Summ/Air       13%        N/A       43%         4
 Invisibility             Hex            1%         N/A       100%        6


Dungeon Overview and Level Annotations

Branches:
Dungeon (2/15)

Altars:
Trog

Shops:
D:2 :


Message History

The adder barely misses your crimson imp.
The iguana closely misses your crimson imp.
Your crimson imp barely misses the iguana.
The adder misses your crimson imp.
The adder bites your crimson imp but does no damage.
Your crimson imp hits the iguana.
Casting: Call Imp (safe; 2% risk of failure)
Confirm with . or Enter, or press ? or * to list all spells.
The iguana barely misses your rat.
The adder barely misses your crimson imp.
Your crimson imp blinks!
The iguana bites your rat!
Your rat dies!
Your rat's corpse disappears in a puff of smoke!
Your crimson imp hits the iguana but does no damage.
You hit the adder.
The adder is poisoned.
The adder is lightly wounded.
The adder bites you.
Casting: Summon Small Mammal (safe; 1% risk of failure)
Confirm with . or Enter, or press ? or * to list all spells.
A beastly little devil appears in a puff of flame.
The adder bites you.
Your crimson imp closely misses the iguana.
You swap places.
The adder closely misses your crimson imp.
Your crimson imp hits the adder.
Your crimson imp hits the iguana.
The adder bites your crimson imp.
The adder closely misses your crimson imp.
Your crimson imp hits the adder.
The adder dies!
Your crimson imp blinks!
You swap places.
You closely miss the iguana.
The iguana is moderately wounded.
The iguana bites you!
You closely miss the iguana.
The iguana is moderately wounded.
The iguana bites you!
Ouch! That really hurt!
You die...

#.#.# #.#.# ###.#.#
#.....####
#########.........
#.................
#5#######....<####
#5# #.....# #@#
###<##### #l# #.....#
##.## #####.# #...#
#.# #...# #########.#
....... #.........#
#.......##.#########
#.......##.###.######
###...#.##.#..#......


You could see an iguana (ally target) and 2 friendly crimson imps.

Vanquished Creatures
  A hound skeleton (D:2)
  A dart slug (D:2)
  2 ball pythons
  2 bats (D:1)
  An endoplasm (D:1)
  A giant cockroach (D:1)
  A hobgoblin (D:1)
  6 kobolds
  2 frilled lizards
  2 rats
19 creatures vanquished.

Vanquished Creatures (collateral kills)
  An iguana (D:2)
  An adder (D:2)
  A worm (D:2)
  4 bats (D:2)
  2 giant cockroaches (D:1)
  A goblin (D:2)
  A hobgoblin (D:2)
  3 jackals (D:2)
  A ball python (D:1)
  2 frilled lizards (D:1)
  2 kobolds (D:1)
19 creatures vanquished.

Grand Total: 38 creatures vanquished

Notes
Turn   | Place    | Note
-------+----------+-------------------------------------------
     0 | D:1      | barkas the Deep Elf Summoner began the quest for the Orb.
     0 | D:1      | Reached XP level 1. HP: 10/10 MP: 6/6
    86 | D:1      | Found a faded altar of an unknown god.
   278 | D:1      | Reached XP level 2. HP: 15/15 MP: 6/8
   345 | D:1      | Learned a level 2 spell: Call Imp
  1100 | D:2      | Reached XP level 3. HP: 8/19 MP: 6/9
  1639 | D:2      | Reached skill level 5 in Summonings
  1665 | D:2      | Found a bloodstained altar of Trog.
  1789 | D:2      | Found Esecres's Book Boutique.
  1929 | D:2      | Mangled by an iguana

Illustrated notes

Levels and vault maps discovered:
D:1:      dpeg_arrival_pits, layout_basic, shapermc_ecumenical_altar_venn,
          minmay_3d_cube
D:2:      layout_loops_ring, serial_shops, nicolae_shop_behind_doors,
          basic_altar, minmay_indecisive_spiral

Skill      XL: |  1  2  3 |
---------------+----------+-----
Stealth        | 3 |  3.4
Dodging        | 3 |  3.1
Summonings     | 5 |  5.0
Spellcasting   | |  3.7

Action                   || total
-------------------------++-------
Melee: Dagger            ||    92
       Unarmed           ||     4
 Cast: Summon Small Mamm ||    19
       Call Imp          ||    12
 Stab: Sleeping          ||     8
Armor: Robe              ||    18
Dodge: Dodged            ||    89

Table legend: (Time is in decaauts)
 A = Elapsed time spent in this place.
 B = Non-inter-level travel time spent in this place.
 C = Inter-level travel time spent in this place.
 D = Time resting spent in this place.
 E = Time spent auto-exploring this place.
 F = Levels seen in this place.
 G = Mean time per level.
                   A        B        C        D        E       F      G
               +--------+--------+--------+--------+--------+-----+--------+
         Total |   1927 |   1863 |     64 |     24 |   1471 |   2 |  963.5 |
       Dungeon |   1927 |   1863 |     64 |     24 |   1471 |   2 |  963.5 |
               +--------+--------+--------+--------+--------+-----+--------+

Top non-repeatable levels by time:
     D:1: 1013 daAuts
     D:2: 914 daAuts
